 Dungeon Crawl Stone Soup version 0.31-a0-977-gc230f8ef24 (webtiles) character file.

Game seed: 15515419723165450964

42 tsujin the Ruffian (level 3, 0/28 HPs)
             Began as a Gnoll Shapeshifter on Oct 30, 2023.
             Slain by an adder (2 damage)
             ... on level 5 of the Dungeon.
             The game lasted 00:02:48 (1354 turns).

tsujin the Ruffian (Gnoll Shapeshifter)             Turns: 1354, Time: 00:02:48

Health: 0/28       AC: 10    Str: 15    XL:     3   Next: 56%
Magic:  4/4        EV:  5    Int:  9    God:
Gold:   83         SH:  0    Dex: 11    Spells: 3/3 levels left

rFire   . .          .
                       - Unarmed
rCold   . . .        (no shield)
rNeg    . . .        k - +0 plate armour
rPois   .            (helmet currently unavailable)
rElec   .            (cloak currently unavailable)
rCorr   .            (gloves currently unavailable)
SInv    .            (boots currently unavailable)
Will    +....        (no amulet) Stlth
                     (no ring)
HPRegen 0.24/turn    (no ring)
MPRegen 0.09/turn

%: no passive effects
@: beast-form, attractive, enlightened, flying
A: beast (slay +3), fangs 1, strong nose, distributed training, mutation
resistance 1
a: Begin Untransformation


You were on level 5 of the Dungeon.
You were a hulking beast.
You visited 1 branch of the dungeon, and saw 4 of its levels.

You collected 83 gold pieces.

Inventory:

Armour
 a - the +5 scale mail of Leapfrog {Int+2}
   (You found it on level 5 of the Dungeon)

   Int+2:     It affects your intelligence (+2).
 k - a +0 plate armour (worn)
Jewellery
 h - an amulet of faith
Talismans
 c - a beast talisman
 d - a flux talisman
Scrolls
 j - a scroll of enchant armour
Potions
 b - a potion of lignification
 e - a potion of mutation
 f - 2 potions of enlightenment
 g - a potion of attraction


   Skills:
 + Level 2.6 Fighting
 + Level 0.9 Short Blades
 + Level 0.9 Long Blades
 + Level 0.9 Axes
 + Level 0.9 Maces & Flails
 + Level 0.9 Polearms
 + Level 0.9 Staves
 + Level 0.9 Ranged Weapons
 + Level 0.9 Throwing
 + Level 0.9 Armour
 + Level 4.5 Dodging
 + Level 0.9 Stealth
 + Level 0.9 Shields
 + Level 6.5 Unarmed Combat
 + Level 0.9 Spellcasting
 + Level 0.6 Conjurations
 + Level 0.6 Hexes
 + Level 0.6 Summonings
 + Level 0.6 Necromancy
 + Level 0.6 Translocations
 + Level 0.6 Transmutations
 + Level 0.6 Fire Magic
 + Level 0.6 Ice Magic
 + Level 0.6 Air Magic
 + Level 0.6 Earth Magic
 + Level 0.6 Poison Magic
 + Level 1.0 Invocations
 + Level 0.9 Evocations
 + Level 6.5 Shapeshifting


You had 3 spell levels left.
You didn't know any spells.
Your spell library was empty.

Dungeon Overview and Level Annotations

Branches:
Dungeon (5/15)
 Temple: D:4-7

Altars:


Innate Abilities, Weirdness & Mutations

You are a hulking beast.
Your limbs bulge with bestial killing power. (Slay +3)
You have very sharp teeth.
Your uncanny sense of smell can sniff out nearby items.
Your experience applies equally to all skills.
You are somewhat resistant to further mutation.


Message History

The bullfrog hits you but does no damage.
There is a stone staircase leading down here.
You take 1 damage, and have 18/28 hp.
The bullfrog attacks as it pursues you! The bullfrog hits you.
You take 4 damage, and have 14/28 hp.
It was a potion of enlightenment.
You feel very buoyant.
You fly up into the air.
The bullfrog hits you.
The bullfrog hits you but does no damage.
You take 1 damage, and have 13/28 hp.
It was a potion of attraction.
You feel attractive to monsters. The bullfrog hits you. x2
* * * LOW HITPOINT WARNING * * *
You take 6 damage, and have 7/28 hp.
MASSIVE DAMAGE!!
It was a potion of mutation.
You feel extremely strange.
You feel genetically stable.
The bullfrog hits you but does no damage.
The bullfrog attacks as it pursues you! The bullfrog hits you.
* * * LOW HITPOINT WARNING * * *
The bullfrog hits you.
* * * LOW HITPOINT WARNING * * *
You take 4 damage, and have 4/28 hp.
An adder comes into view.
The bullfrog hits you but does no damage.
The adder is attracted toward you. The adder attacks as it pursues you!
The adder bites you but does no damage. The bullfrog barely misses you.
The adder attacks as it pursues you! The adder bites you but does no damage.
The bullfrog attacks as it pursues you! The bullfrog hits you.
* * * LOW HITPOINT WARNING * * *
You take 2 damage, and have 3/28 hp.
The bullfrog hits you but does no damage.
The adder barely misses you. The adder bites you but does no damage.
The bullfrog hits you.
* * * LOW HITPOINT WARNING * * *
You take 2 damage, and have 2/28 hp.
The bullfrog barely misses you. The adder bites you.
You die...

....>.......#.#..#
..............#..#
..............#..# #
..<..............# .#
..#..#..##...###.##.#
..#..#..##..........#
...................##.##
...............FS......#
..#..#..#....###h#.##.##
..#...................#
.. [.............#.####
..##.....%.....#
#.....###.# # ...... #.#
... ... .. ..#


You could see a bullfrog and an adder.

Vanquished Creatures
  A dart slug (D:1)
  A ball python (D:1)
  4 endoplasms
  3 giant cockroaches
  3 goblins
  6 hobgoblins
  7 jackals
  A quokka (D:2)
  2 frilled lizards
  A kobold (D:1)
  4 rats
33 creatures vanquished.

Notes
Turn   | Place    | Note
-------+----------+-------------------------------------------
     0 | D:1      | tsujin the Gnoll Shapeshifter began the quest for the Orb.
     0 | D:1      | Reached XP level 1. HP: 17/17 MP: 1/1
   189 | D:1      | Reached XP level 2. HP: 23/23 MP: 2/2
   553 | D:1      | Found a faded altar of an unknown god.
   554 | D:1      | Noticed a glass eye
   561 | D:1      | Noticed a great orb of eyes
   561 | D:1      | Noticed a glass eye
   561 | D:1      | Noticed an eye of devastation
   756 | D:1      | Reached XP level 3. HP: 28/28 MP: 3/3
  1095 | D:2      | Reached skill level 1 in Invocations
  1265 | D:2      | You fall into a shaft and drop 2 floors!
  1319 | D:4      | Noticed an ogre
  1332 | D:5      | Entered Level 5 of the Dungeon
  1332 | D:5      | Noticed a bullfrog
  1335 | D:5      | Identified the +5 scale mail of Leapfrog {Int+2}
  1344 | D:5      | Gained mutation: You are somewhat resistant to further
                  | mutation. [potion of mutation]
  1354 | D:5      | Slain by an adder

Illustrated notes

Levels and vault maps discovered:
D:1:      dpeg_arrival_rooms_c, layout_basic,
          hellmonk_ecumenical_altar_watching_god
D:2:      layout_basic, uniq_terence
D:4:      layout_loops_ring, minmay_temple_entry_junction,
          chequers_serial_rivers_large_a, uniq_duvessa
D:5:      layout_basic, nemelex_xobeh_ov_fountains_minmay, fiery_altar_vehumet,
          st_stairs_6, minmay_misc_feat_secret_circle, uniq_eustachio

Skill      XL: |  1  2  3 |
---------------+----------+-----
Invocations    | 1 |  1.0
Fighting       | |  2.6
Short Blades   | |  0.9
Long Blades    | |  0.9
Axes           | |  0.9
Maces & Flails | |  0.9
Polearms       | |  0.9
Staves         | |  0.9
Ranged Weapons | |  0.9
Throwing       | |  0.9
Armour         | |  0.9
Dodging        | |  4.5
Stealth        | |  0.9
Shields        | |  0.9
Unarmed Combat | |  6.5
Spellcasting   | |  0.9
Conjurations   | |  0.6
Hexes          | |  0.6
Summonings     | |  0.6
Necromancy     | |  0.6
Translocations | |  0.6
Transmutations | |  0.6
Fire Magic     | |  0.6
Ice Magic      | |  0.6
Air Magic      | |  0.6
Earth Magic    | |  0.6
Poison Magic   | |  0.6
Evocations     | |  0.9
Shapeshifting  | |  6.5

Action                     || total
---------------------------++-------
  Melee: Unarmed           ||    68
         Bite              ||     3
    Use: Scroll            ||     5
         Potion            ||     3
 Armour: Animal skin       ||    22
         Plate armour      ||    21
  Dodge: Dodged            ||    45

Table legend: (Time is in decaauts)
 A = Elapsed time spent in this place.
 B = Non-inter-level travel time spent in this place.
 C = Inter-level travel time spent in this place.
 D = Time resting spent in this place.
 E = Time spent auto-exploring this place.
 F = Levels seen in this place.
 G = Mean time per level.
                   A        B        C        D        E       F      G
               +--------+--------+--------+--------+--------+-----+--------+
         Total |   1344 |   1303 |     41 |      0 |    964 |   4 |  336.0 |
       Dungeon |   1344 |   1303 |     41 |      0 |    964 |   4 |  336.0 |
               +--------+--------+--------+--------+--------+-----+--------+

Top non-repeatable levels by time:
     D:1: 968 daAuts
     D:2: 288 daAuts
     D:4: 66 daAuts
     D:5: 21 daAuts
